AoeStats
← flagpies23

Nomad

510283297Analyzed
2v2 RM · 10h ago on Sep 30, 2026· 30m 14s· 4 players
Game mode
Random Map
Map size
176×176
Population
200
Speed
Normal
Resources
Standard
Victory
Conquest
Starting age
Dark Age
Ending age
Imperial Age
RankedLock teamsTeams togetherTeam positionsShared explorationLock speedFull tech treeHidden civsTurbo modeCheats
Victory
Defeat
🇨🇳 Vikings · China
730
+9
🇮🇹 Bohemians · Italy
652
+12
🇳🇱 Persians · Netherlands
586
-11
🇦🇺 Chinese · Australia
558
-10
flagpies23
16:35 Feudal Age
17:53 Wheelbarrow
19:48 Horse Collar
20:32 Gold Mining
20:52 Fishing Lines
27:17 Castle Age
JesseThebeast67
13:20 Feudal Age
14:46 Wheelbarrow
13:58 Double-Bit Axe
13:56 Horse Collar
17:19 Fishing Lines
20:57 Gold Mining
28:11 Castle Age
27:00 Stone Mining
26:38 Man-at-Arms
29:03 Hand Cart
28:57 Long Swordsman
vasia003
4:21 Loom
17:56 Feudal Age
24:23 Castle Age
22:51 Horse Collar
好歌剧
4:53 Loom
16:12 Feudal Age
16:30 Feudal Age
17:25 Double-Bit Axe
17:27 Man-at-Arms
21:33 Fishing Lines
24:28 Castle Age
23:37 Forging
23:58 Arson
24:33 Horse Collar
26:14 Squires
29:23 Iron Casting
28:47 Long Swordsman
Connection lost

Rejoining the realm…

Still unreachable

The connection could not be restored.

Session expired

The server has moved on; the page needs a fresh start.